 Dungeon Crawl Stone Soup version 0.27-a0-1312-g5cdb2b3542 (webtiles) character file.

Game seed: 11122501445899805019

98 Ge0ff the Magician (level 5, -3/57 HPs)
             Began as a Djinni Warper on June 19, 2021.
             Slain by an orc wizard (9 damage)
             ... on level 3 of the Dungeon.
             The game lasted 00:07:40 (3053 turns).

Ge0ff the Magician (Djinni Warper)                  Turns: 3053, Time: 00:07:41

Health: -3/57      AC: 22    Str: 10    XL:     5   Next: 1%
Gold:   73         EV:  2    Int: 18    God:
                   SH:  0    Dex: 12

rFire    . . .     SeeInvis .   a - +0 falchion
rCold    + . .     Faith    .   (no shield)
rNeg     + + +     Spirit   .   (armour currently unavailable)
rPois    ∞         Reflect  .   (helmet currently unavailable)
rElec    .         Harm     .   (cloak currently unavailable)
rCorr    .         Rampage  .   (gloves currently unavailable)
Will     .....     NoTele   +   (boots unavailable)
Stlth    +.........             (no amulet)
HPRegen  0.19/turn              P - ring of protection from cold
MPRegen  0.00/turn              (no ring)

@: brilliant, tree-form, attractive
A: stationary, stasis, torment immunity, boosted hp, sickness immunity, (fire
resistance 2), (cold vulnerability 1), float, innate caster, hp casting, extra
vitality 1, (claws 1), clever 1, wild magic 1
a: no special abilities


You were on level 3 of the Dungeon.
You were a tree.
You visited 1 branch of the dungeon, and saw 3 of its levels.

You collected 73 gold pieces.

Inventory:

Hand Weapons
 a - a +0 falchion (weapon)
 b - a +2 dagger of draining
 T - a +0 rapier
Missiles
 E - 101 stones (quivered)
Armour
 M - a +0 leather armour (melded)
 N - a +0 ring mail
 O - a +0 plate armour
Magical Staves
 D - a staff of fire
Jewellery
 P - a ring of protection from cold (left branch)
 Q - a ring of protection from fire
Scrolls
 i - a scroll of identify
 B - 2 scrolls of blinking
 H - a scroll of noise


   Skills:
 - Level 2.0 Fighting
 - Level 3.0 Long Blades
 - Level 1.0 Throwing
 - Level 1.0 Armour
 - Level 2.1 Dodging
 + Level 3.5 Spellcasting


You couldn't memorise any spells.
You knew the following spells:

 Your Spells              Type           Power      Damage    Failure   Level
a - Lesser Beckoning      Tloc           15%        N/A       16%         3
b - Gell's Gravitas       Tloc           15%        N/A       16%         3
c - Blink                 Tloc           N/A        N/A       9%          2
d - Teleport Other        Tloc           30%        N/A       16%         3
e - Manifold Assault      Tloc           30%        N/A       78%         5
f - Ensorcelled Hibernat  Hex/Ice        60%        N/A       9%          2
s - Summon Small Mammal   Summ           100%       N/A       6%          1
Your spell library was empty.

Dungeon Overview and Level Annotations

Branches:
Dungeon (3/15)

Altars:
Uskayaw

Shops:
D:1 [


Innate Abilities, Weirdness & Mutations

You are a tree.
Your roots penetrate the ground, keeping you stationary.
You cannot be teleported.
You are immune to unholy pain and torment.
Your maximum health is greatly increased.
Your equipment is partially melded.
You are immune to sickness and miasma.
You are immune to poison.
((Your flesh is very heat resistant. (rF++)))
((You are vulnerable to cold. (rC-)))
You float through the air rather than walking.
You learn spells naturally, not from books.
Your magical power is your life essence.
You have superior vitality. (+4 HP)
((You have sharp fingernails.))
Your mind is acute. (Int +2)
Your spells are a little harder to cast, but a little more powerful.


Message History

You feel clever.
The orc wizard hits you with a +0 battleaxe!
It was a potion of brilliance.
You feel clever all of a sudden. The orc wizard misses you.
Unknown command.
Unknown command.
It was a potion of lignification.
You turn into a tree.
Your +0 leather armour melds into your body.
Your roots penetrate the ground.
The orc wizard hits you but does no damage.
Are you sure you want to swing wildly while confused and next to your rat?
You swing at nothing.
The orc wizard casts a spell.
The orc wizard flickers and vanishes!
Deactivating autopickup; reactivate with Ctrl-A.
Are you sure you want to swing wildly while confused and next to your rat?
You hit something but do no damage.
You feel less confused. Something hits you!
* * * LOW HITPOINT WARNING * * *
Something hits you but does no damage.
It was a potion of attraction.
You feel attractive to monsters. Something hits you but does no damage.
You aren't carrying any items that you can evoke.
As you read the scroll labelled PECIEZ KEVYREB, it crumbles to dust.
It is a scroll of identify.
H - a scroll of noise;
i - a scroll of identify Something hits you but does no damage.
As you read the scroll labelled NIOPLELOMU, it crumbles to dust.
The scroll dissolves into smoke.
It was a scroll of fog.
Something hits you but does no damage.
You closely miss something. Something hits you but does no damage.
You aren't carrying any potions.
As you read the scroll labelled VETETE CEALUD XUP, it crumbles to dust.
The creatures around you are filled with an inner flame!
It was a scroll of immolation.
You hear some strange, mumbled words.
A magic dart appears from out of thin air!
The magic dart hits you but does no damage.
You closely miss something. Something hits you but does no damage.
You hit something.
Flame seeps out of something.
Something hits you but does no damage.
You hit something.
Flame seeps out of something.
Something hits you.
* * * LOW HITPOINT WARNING * * *
You barely miss something. Something hits you.
* * * LOW HITPOINT WARNING * * *
Something hits you!
You die...

#.#........##.# #.#
#.########.##.# #.# #.#
#.##.#######.# #.#
#.##.##......#
#.########.##.##.######
#....).....##.##.#
#############§##.#
############§##§#
...........§{♣r§#
############§####
.......§§# ########.#
###


You could see a friendly rat (summoned, inner flame).

Vanquished Creatures
  An adder (D:2)
  An adder skeleton (D:2)
  A dart slug (D:2)
  3 orcs (D:3)
  4 ball pythons
  6 endoplasms
  12 giant cockroaches
  9 hobgoblins
  4 jackals (D:3)
  6 kobolds
  2 quokkas
  8 bats
  A frilled lizard (D:1)
  6 goblins
  3 rats
67 creatures vanquished.

Vanquished Creatures (collateral kills)
  A hobgoblin (D:3)
  A goblin (D:1)
2 creatures vanquished.

Grand Total: 69 creatures vanquished

Notes
Turn   | Place    | Note
-------+----------+-------------------------------------------
     0 | D:1      | Ge0ff the Djinni Warper began the quest for the Orb.
     0 | D:1      | Reached XP level 1. HP: 18/18 MP: 0/0
   298 | D:1      | Reached XP level 2. HP: 23/23 MP: 0/0
   670 | D:1      | Reached XP level 3. HP: 27/28 MP: 0/0
   670 | D:1      | Learned a level 1 spell: Summon Small Mammal
   680 | D:1      | Found Baorgh's Armour Boutique.
  1165 | D:2      | Found a faded altar of an unknown god.
  1411 | D:2      | Reached XP level 4. HP: 28/33 MP: 0/0
  1565 | D:2      | Found a hide-covered altar of Uskayaw.
  1573 | D:2      | Reached skill level 1 in Throwing
  2913 | D:3      | Reached XP level 5. HP: 38/38 MP: 0/0
  2913 | D:3      | Learned a level 2 spell: Ensorcelled Hibernation
  3040 | D:3      | Gained mutation: Your spells are a little harder to cast,
                  | but a little more powerful. [potion of mutation]
  3040 | D:3      | Gained mutation: You have sharp fingernails. [potion of
                  | mutation]
  3040 | D:3      | Gained mutation: Your mind is acute. (Int +2) [potion of
                  | mutation]
  3053 | D:3      | Slain by an orc wizard

Illustrated notes

Levels and vault maps discovered:
D:1:      dpeg_arrival_fog, layout_rooms, serial_shops, shop
D:2:      minmay_roachtagon, layout_rooms, basic_altar,
          ebering_ecumenical_altar_webs
D:3:      layout_basic

Skill      XL: |  1  2  3  4 |
---------------+-------------+-----
Long Blades    | 2 3 |  3.0
Throwing       | 1 |  1.0
Spellcasting   | 3 |  3.5
Fighting       | |  2.0
Armour         | |  1.0
Dodging        | |  2.1

Action                   |  1- 3 |  4- 6 || total
-------------------------+-------+-------++-------
Melee: Falchion          |    92 |   105 ||   197
Throw: Boomerang         |     5 |       ||     5
       Stone             |    24 |    47 ||    71
 Cast: Summon Small Mamm |     5 |     8 ||    13
  Use: Scroll            |       |     4 ||     4
       Potion            |       |     5 ||     5
 Stab: Distracted        |       |     1 ||     1
       Sleeping          |       |     1 ||     1
Armor: Leather armour    |    27 |    37 ||    64
       Skin              |       |     9 ||     9
Dodge: Dodged            |    62 |    74 ||   136
       Rpst.: Falchion   |    21 |    21 ||    42

Table legend: (Time is in decaauts)
 A = Elapsed time spent in this place.
 B = Non-inter-level travel time spent in this place.
 C = Inter-level travel time spent in this place.
 D = Time resting spent in this place.
 E = Time spent auto-exploring this place.
 F = Levels seen in this place.
 G = Mean time per level.
                   A        B        C        D        E       F      G
               +--------+--------+--------+--------+--------+-----+--------+
         Total |   3091 |   3031 |     60 |    204 |   2036 |   3 | 1030.3 |
       Dungeon |   3091 |   3031 |     60 |    204 |   2036 |   3 | 1030.3 |
               +--------+--------+--------+--------+--------+-----+--------+

Top non-repeatable levels by time:
     D:3: 1135 daAuts
     D:2: 986 daAuts
     D:1: 969 daAuts
